 Dungeon Crawl Stone Soup version 0.24-a0-441-g27f0392e16 (webtiles) character file.

Game seed: 7034249454570268901

170 Krouwed the Magician (level 5, -4/35 HPs)
             Began as a Human Wizard on June 20, 2019.
             Slain by an iguana (13 damage)
             ... on level 3 of the Dungeon.
             The game lasted 00:22:10 (3999 turns).

Krouwed the Magician (Human Wizard)                 Turns: 3999, Time: 00:22:11

Health: -4/35      AC:  2    Str:  8    XL:     5   Next: 80%
Magic:  4/10       EV: 12    Int: 19    God:
Gold:   146        SH:  0    Dex: 11    Spells: 5/11 levels left

rFire    . . .     SeeInvis .   s - +1 short sword (protect)
rCold    . . .     Gourm    .   (no shield)
rNeg     . . .     Faith    .   a - +0 robe
rPois    .         Spirit   .   b - +0 hat
rElec    .         Reflect  .   (no cloak)
rCorr    .         Harm     .   (no gloves)
MR       .....                  (no boots)
Stlth    ++........             (no amulet)
HPRegen  0.11/turn              (no ring)
MPRegen  0.12/turn              (no ring)

@: no status effects
A: no striking features
a: no special abilities


You were on level 3 of the Dungeon.
You were not hungry.

You visited 1 branch of the dungeon, and saw 4 of its levels.

You collected 146 gold pieces.

Inventory:

Hand Weapons
 k - a +0 dagger of speed
 n - a +0 vampiric short sword
 s - a +1 short sword of protection (weapon)
Missiles
 h - 39 sling bullets
 i - 73 stones
 u - 3 datura-tipped darts (quivered)
Armour
 a - a +0 robe (worn)
 b - a +0 hat (worn)
 q - a cursed +0 scale mail
Scrolls
 c - 2 scrolls of enchant armour {unknown}
 e - 2 scrolls of blinking {unknown}
 j - a scroll of noise {unknown}
 l - a scroll of enchant weapon {unknown}
 m - a scroll of teleportation {unknown}
 o - a scroll of random uselessness {unknown}
 p - a scroll of remove curse {unknown}
 r - a scroll of identify {unknown}
 t - a scroll of fear {unknown}
Potions
 f - a potion of flight {unknown}
Comestibles
 d - 7 rations


   Skills:
 - Level 0.1 Fighting
 - Level 0.3 Short Blades
 - Level 2.2 Dodging
 - Level 2.3 Stealth
 + Level 3.6 Spellcasting
 * Level 3.3 Conjurations
   Level 1.0 Summonings
 - Level 2.0 Translocations
 + Level 1.5 Fire Magic


You had 5 spell levels left.
You knew the following spells:

 Your Spells              Type           Power        Failure   Level  Hunger
a - Magic Dart            Conj           ###.         3%          1    None
b - Conjure Flame         Conj/Fire      ##......     16%         3    ###....
c - Blink                 Tloc           N/A          10%         2    ##.....

Your spell library contained the following spells:

 Spells                   Type           Power        Failure   Level  Hunger
 Call Imp                 Summ           #.......     14%         2    ##.....
 Slow                     Hex            #.......     22%         2    ##.....
 Mephitic Cloud           Conj/Pois/Air  #.......     26%         3    ###....


Dungeon Overview and Level Annotations

Branches:
Dungeon (4/15)
 Temple: D:4-7

Altars:
Elyvilon
Makhleb
Nemelex Xobeh


Message History

The orc wizard begins to cast a cantrip, but forgets the words!
You hear the slow hiss of a distant avalanche of sand.
The orc wizard hits you but does no damage.
The orc wizard hits you with a +3 dagger.
The orc wizard barely misses you.
The orc wizard hits you with a +3 dagger.
The orc wizard gestures at you while chanting.
The puff of flame hits you!
The orc wizard hits you with a +3 dagger.
There is a stone staircase leading up here.
The orc wizard hits you with a +3 dagger.
The iguana bites you.
* * * LOW HITPOINT WARNING * * *
The orc wizard hits you with a +3 dagger.
* * * LOW HITPOINT WARNING * * *
You climb upwards.
There is a stone staircase leading down here.
The iguana misses you. The iguana bites you!
You die...

.# ##.........##.##.#.#.#
.#########.........##.#.#.#
.................####.....#
.#####.######....# #.###.#
.# #.#######...####.##..#
.# #................##..#
.# #.#######.>..........#
.# #.# ##lo.##).##..# .#
#.# ##.@.##..##..# .# #.#
#............# .# #.#
#.#<.........# .# #.#
#.#.[##..##### .# #.#
#.#..##..# .# #.#
#.#..###.###
.#####.#######.#........#
.................####.###
######.#######.#.# #.#


You could see an iguana and an orc wizard.

Vanquished Creatures
  An orc priest (D:3)
  6 adders
  An ooze (D:1)
  2 dart slugs
  2 leopard geckos
  7 orcs
  9 bats
  4 giant cockroaches
  8 goblins
  4 hobgoblins
  6 jackals
  2 quokkas
  4 frilled lizards
  7 kobolds
  9 rats
72 creatures vanquished.

Notes
Turn   | Place    | Note
-------+----------+-------------------------------------------
     0 | D:1      | Krouwed the Human Wizard began the quest for the Orb.
     0 | D:1      | Reached XP level 1. HP: 13/13 MP: 4/4
   143 | D:1      | Reached XP level 2. HP: 15/19 MP: 0/6
   546 | D:1      | Reached XP level 3. HP: 23/24 MP: 4/7
  1348 | D:1      | Learned a level 3 spell: Conjure Flame
  1379 | D:1      | Learned a level 2 spell: Blink
  1946 | D:2      | Found a sparkling altar of Nemelex Xobeh.
  1948 | D:2      | Found a white marble altar of Elyvilon.
  1949 | D:2      | Found a burning altar of Makhleb.
  2011 | D:2      | Reached XP level 4. HP: 30/30 MP: 4/8
  2621 | D:3      | Reached skill level 1 in Fire Magic
  2621 | D:3      | Reached XP level 5. HP: 35/35 MP: 6/10
  3999 | D:3      | Slain by an iguana

Levels and vault maps discovered:
D:1:      minmay_arrival_four_circles, layout_loops_ring
D:2:      layout_basic, grunt_temple_overflow_open, lightli_corner_chamber
D:3:      layout_basic, first_ration
D:4:      layout_basic, xom_redecorated, nicolae_ossuary_entry_giza,
          interstate_on_off, cheibrodos_ashenzari_chains

Skill      XL: |  1  2  3  4  5 |
---------------+----------------+-----
Conjurations   | 2 3 |  3.3
Fire Magic     | 1 |  1.5
Translocations | 2 |  2.0
Fighting       | |  0.1
Short Blades   | |  0.3
Dodging        | |  2.2
Stealth        | |  2.3
Spellcasting   | |  3.6
Summonings     | |  1.0

Action                   |  1- 3 |  4- 6 || total
-------------------------+-------+-------++-------
Melee: Unarmed           |     7 |       ||     7
       Dagger            |    50 |       ||    50
       Short sword       |     1 |    34 ||    35
 Cast: Magic Dart        |   104 |   111 ||   215
       Conjure Flame     |     1 |       ||     1
  Use: Potion            |     2 |     1 ||     3
 Stab: Sleeping          |     1 |       ||     1
  Eat: Chunk             |     3 |     6 ||     9
Armor: Robe              |     8 |     7 ||    15
Dodge: Dodged            |    47 |    41 ||    88

Table legend:
 A = Non-vault XP
 B = Vault XP
 C = Vault XP percentage of total XP
 D = Non-vault monster count
 E = Vault monster count
 F = Vault count percentage of total count
                 A         B        C        D         E       F
            +---------+---------+-------+---------+---------+-------
      Total |     243 |       0 |   0.0 |      72 |       0 |   0.0
            +---------+---------+-------+---------+---------+-------
        D:1 |      36 |       0 |   0.0 |      18 |       0 |   0.0
        D:2 |      47 |       0 |   0.0 |      21 |       0 |   0.0
        D:3 |     138 |       0 |   0.0 |      28 |       0 |   0.0
        D:4 |      22 |       0 |   0.0 |       5 |       0 |   0.0
            +---------+---------+-------+---------+---------+-------
